 Dungeon Crawl Stone Soup version 0.28-a0-95-g65e1ffefe4 (webtiles) character file.

Game seed: 11758309776980983387

2426 pokeman the Thaumaturge (level 9, -2/48 HPs)
             Began as a Deep Elf Hedge Wizard on Aug 8, 2021.
             Was an Initiate of Vehumet.
             Slain by Harold (20 damage)
             ... on level 8 of the Dungeon.
             The game lasted 00:24:34 (10892 turns).

pokeman the Thaumaturge (Deep Elf Hedge Wizard)    Turns: 10892, Time: 00:24:35

Health: -2/48      AC:  6    Str:  7    XL:     9   Next: 24%
Magic:  13/26      EV: 12    Int: 23    God:    Vehumet [......]
Gold:   361        SH:  0    Dex: 14    Spells: 12/30 levels left

rFire   + . .      SeeInvis .   M - +2 hand axe (elec)
rCold   . . .      Faith    .   (no shield)
rNeg    + . .      Spirit   .   i - +0 leather armour
rPois   +          Reflect  .   n - +0 helmet
rElec   .          Harm     .   J - +0 cloak
rCorr   .          Rampage  .   (no gloves)
Will    .....                   f - +0 pair of boots
Stlth   ++........              (no amulet)
HPRegen 0.16/turn               c - ring of wizardry
MPRegen 0.20/turn               N - ring "Liorijyc" {rPois rF+ rN+ Slay+3}

@: no status effects
A: no striking features
a: Renounce Religion


You were on level 8 of the Dungeon.
You worshipped Vehumet.
Vehumet was noncommittal.
You visited 2 branches of the dungeon, and saw 10 of its levels.

You collected 397 gold pieces.
You spent 36 gold pieces at shops.

Inventory:

Hand Weapons
 E - a +0 hand crossbow
 I - a +2 quarterstaff of chaos
 M - a +2 hand axe of electrocution (weapon)
Missiles
 d - 65 arrows
 p - 74 bolts
Armour
 f - a +0 pair of boots (worn)
 i - a +0 leather armour (worn)
 n - a +0 helmet (worn)
 y - a scarf of harm
 J - a +0 cloak (worn)
Magical Staves
 H - a staff of air
Jewellery
 c - a ring of wizardry (left hand)
 A - a +6 ring of dexterity
 L - an amulet of guardian spirit
 N - the ring "Liorijyc" (right hand) {rPois rF+ rN+ Slay+3}
   (You found it on level 8 of the Dungeon)

   [ring of positive energy]

   Slay:      It affects your accuracy & damage with ranged weapons and melee
   (+3).
   rF:        It protects you from fire.
   rPois:     It protects you from poison.
   rN:        It protects you from negative energy.
Wands
 u - a wand of flame (6)
 K - a wand of charming (3)
Scrolls
 e - 2 scrolls of immolation {unknown}
 h - 2 scrolls of vulnerability {unknown}
 m - 9 scrolls of identify {unknown}
 o - a scroll of brand weapon {unknown}
 r - a scroll of fog {unknown}
 s - 3 scrolls of teleportation
 t - a scroll of enchant weapon {unknown}
 w - a scroll of torment {unknown}
 z - a scroll of amnesia {unknown}
 B - a scroll of noise {unknown}
 D - 2 scrolls of enchant armour {unknown}
Potions
 a - 3 potions of heal wounds {unknown}
 b - 3 potions of cancellation {unknown}
 g - a potion of mutation {unknown}
 j - 3 potions of haste
 k - a potion of attraction {unknown}
 l - 3 potions of might {unknown}
 q - 2 potions of magic {unknown}
 v - 2 potions of curing
 x - a potion of brilliance {unknown}
 C - a potion of flight {unknown}
 F - a potion of invisibility {unknown}
 G - 4 potions of degeneration {unknown}


   Skills:
 + Level 2.1 Fighting
 - Level 3.0 Armour
 - Level 4.0 Dodging
 - Level 3.0 Stealth
 * Level 11.0 Spellcasting
 + Level 6.0 Conjurations
 - Level 1.1 Summonings
 - Level 1.1 Translocations
 - Level 1.1 Transmutations
 + Level 4.5 Fire Magic
 - Level 1.0 Ice Magic
 - Level 1.3 Air Magic
 - Level 1.2 Poison Magic
 - Level 1.2 Evocations


You had 12 spell levels left.
You knew the following spells:

 Your Spells              Type           Power      Damage    Failure   Level
a - Magic Dart            Conj           100%       1d8       1%          1
b - Mephitic Cloud        Conj/Pois/Air  25%        N/A       2%          3
c - Call Imp              Summ           17%        N/A       2%          2
d - Blink                 Tloc           N/A        N/A       2%          2
e - Conjure Flame         Conj/Fire      37%        6-21      1%          3
f - Freezing Cloud        Conj/Ice/Air   12%        6-21      26%         5
g - Wereblood             Tmut           18%        N/A       2%          2

Your spell library contained the following spells:

 Spells                   Type           Power      Damage    Failure   Level
 Beastly Appendage        Tmut           36%        N/A       1%          1
 Poisonous Vapours        Pois/Air       36%        N/A       2%          2
 Corpse Rot               Necr/Air       N/A        N/A       3%          2
 Ignite Poison            Fire/Tmut/Pois 23%        N/A       3%          3
 Sticky Flame             Conj/Fire      37%        2d6       3%          4
 Slow                     Hex            12%        N/A       4%          2
 Gell's Gravitas          Tloc           8%         N/A       6%          3
 Spider Form              Tmut/Pois      9%         N/A       6%          3
 Teleport Other           Tloc           17%        N/A       6%          3
 Dispersal                Tloc           8%         N/A       94%         6


Dungeon Overview and Level Annotations

Branches:
Dungeon (9/15)             Temple (1/1) D:5
   Lair: D:8-11         Orc: D:9-12

Altars:
Cheibriados
Dithmenos
Elyvilon
Fedhas
Gozag
Hepliaklqana
Makhleb
Nemelex Xobeh
Okawaru
Qazlal
Ru
Sif Muna
Trog
Uskayaw
Vehumet
Wu Jian
Xom
Yredelemnul
Zin
The Shining One

Shops:
D:6 **   D:9 *

Annotations:
D:8 Harold


Message History

The ball explodes into a vile cloud!
The stinking cloud engulfs Harold but does no damage.
Harold is lightly wounded.
Harold is engulfed in noxious fumes.
Harold appears confused.
Unknown command.
You struggle against the net.
You struggle against the net.
Harold is engulfed in noxious fumes.
Harold appears confused.
You struggle against the net.
Harold is engulfed in blazing flames.
You struggle against the net.
Harold barely misses you.
You rip the net and break free!
Harold grins madly.
Casting: Mephitic Cloud (dangerous; 2% risk of failure)
Confirm with . or Enter, or press ? or * to list all spells.
Aiming: Mephitic Cloud (dangerous; 2% risk of failure)
Press: ? - help, Shift-Dir - straight line, f/p - Harold
Aim: Harold, wielding a +0 dire flail, wearing a +0 scale mail and quivering a throwing net (moderately wounded, confused, chance to affect: 58%)
The ball explodes into a vile cloud!
The stinking cloud engulfs Harold but does no damage.
Harold is moderately wounded.
Harold is engulfed in noxious fumes.
Harold appears confused.
Unknown command.
Unknown command.
Casting: Mephitic Cloud (dangerous; 2% risk of failure)
Confirm with . or Enter, or press ? or * to list all spells.
The fire begins to smoulder!
Harold is engulfed in noxious fumes.
Harold appears confused.
Harold asks, "Where am I?"
The fire ignites!
Casting: Conjure Flame (safe; 1% risk of failure)
Confirm with . or Enter, or press ? or * to list all spells.
The fire begins to smoulder!
Unknown command.
Harold says, "Why is everything spinning?"
Harold smothers the flame.
You strike the helpless Harold from behind!
You slash Harold!
Harold is moderately wounded.
Harold hits you with a +0 dire flail! Harold hits you with a +0 dire flail!!
You die...

# #..........#.#......#.........
#.............................
#####...>.....#.#.....##....#.#(#
...##..........[............#.#.#
...##.........#.####..###@..#.#.#
...##.............##..# #...#.#.#
...##.########....##..###........
...##.########...@....#.......###
#####...........@§....°..........
#.###.......#####☼###..##.###
#####.###.......#####.##.[.......
#....................(.#...##.###
#.......#.......####..##.........
#.......#.......# #.......##....
#.......#.......# #...#.#.#####.
#.......######### #...#.#.# #.
#.......# ######...#.#.#####.


You could see Harold (confused).

Vanquished Creatures
  Sigmund (D:3)
  A shadow (D:8)
  Edmund (D:5)
  An orc warrior (D:8)
  2 ice beasts
  A sky beast (D:7)
  An ogre (D:7)
  A black bear (D:6)
  A centaur (D:8)
  A kobold brigand (D:8)
  A gnoll sergeant (D:7)
  3 scorpions
  A wyvern skeleton (D:4)
  A water moccasin skeleton (D:4)
  5 wights
  3 howler monkeys (D:7)
  A centaur zombie (D:8)
  2 jellies
  A hound (D:5)
  An orc priest (D:8)
  Crazy Yiuf (D:6)
  An iguana (D:5)
  2 orc wizards (D:8)
  2 hound skeletons (D:4)
  13 gnolls
  9 adders
  A shadow imp (D:5)
  2 white imps
  An ufetubus (D:6)
  2 adder skeletons (D:4)
  A worm (D:3)
  4 dart slugs
  11 orcs
  2 ball pythons
  8 endoplasms
  2 giant cockroaches
  8 goblins
  11 hobgoblins
  10 jackals
  2 quokkas
  5 bats
  2 frilled lizards
  12 kobolds
  5 rats
147 creatures vanquished.

Vanquished Creatures (collateral kills)
  A gnoll sergeant (D:7)
  2 gnolls (D:4)
3 creatures vanquished.

Grand Total: 150 creatures vanquished

Notes
Turn   | Place    | Note
-------+----------+-------------------------------------------
     0 | D:1      | pokeman the Deep Elf Hedge Wizard began the quest for the
                  | Orb.
     0 | D:1      | Reached XP level 1. HP: 10/10 MP: 7/7
   364 | D:1      | Reached XP level 2. HP: 16/16 MP: 3/9
   870 | D:1      | Reached skill level 5 in Spellcasting
  1233 | D:1      | Reached XP level 3. HP: 20/20 MP: 6/11
  1237 | D:1      | Learned a level 3 spell: Mephitic Cloud
  1240 | D:1      | Learned a level 2 spell: Call Imp
  1243 | D:1      | Learned a level 2 spell: Blink
  1247 | D:1      | Learned a level 3 spell: Conjure Flame
  1828 | D:2      | Reached skill level 1 in Fighting
  2132 | D:2      | Reached skill level 1 in Armour
  2288 | D:2      | Reached XP level 4. HP: 25/25 MP: 6/13
  2670 | D:2      | Found a faded altar of an unknown god.
  3100 | D:3      | Reached skill level 6 in Spellcasting
  3100 | D:3      | Reached skill level 1 in Fire Magic
  3490 | D:3      | Reached XP level 5. HP: 29/29 MP: 11/15
  3516 | D:3      | Noticed Sigmund
  3534 | D:3      | Killed Sigmund
  3535 | D:3      | Reached skill level 1 in Air Magic
  3535 | D:3      | Reached XP level 6. HP: 26/34 MP: 7/17
  4332 | D:4      | Reached skill level 7 in Spellcasting
  4690 | D:4      | Reached skill level 1 in Poison Magic
  4912 | D:4      | Reached XP level 7. HP: 25/38 MP: 8/20
  5297 | D:4      | Learned a level 5 spell: Freezing Cloud
  5482 | D:5      | Entered Level 5 of the Dungeon
  5490 | D:5      | Found a staircase to the Ecumenical Temple.
  5505 | Temple   | Entered the Ecumenical Temple
  5661 | D:5      | Noticed Edmund
  5680 | D:5      | Killed Edmund
  5681 | D:5      | Reached skill level 1 in Ice Magic
  5681 | D:5      | Reached skill level 1 in Evocations
  5840 | D:5      | Reached skill level 8 in Spellcasting
  6722 | D:6      | Reached XP level 8. HP: 44/44 MP: 17/22
  6803 | D:6      | Found a shimmering blue altar of Sif Muna.
  6809 | D:6      | Found an iron altar of Okawaru.
  6811 | D:6      | Found a shimmering altar of Xom.
  6823 | D:6      | Reached skill level 9 in Spellcasting
  7070 | D:6      | Found a runed translucent door.
  7071 | D:6      | Noticed Crazy Yiuf
  7087 | D:6      | Killed Crazy Yiuf
  7533 | D:6      | Found Seeherusch's General Store.
  7534 | D:6      | Found Rafan's Specific Store.
  7545 | D:6      | Bought a scroll of teleportation for 36 gold pieces
  8262 | D:7      | Reached skill level 5 in Conjurations
  8267 | D:7      | Learned a level 2 spell: Wereblood
  8624 | D:7      | Reached skill level 10 in Spellcasting
  8624 | D:7      | Reached skill level 1 in Transmutations
  9580 | D:8      | Reached XP level 9. HP: 43/48 MP: 19/25
 10196 | D:8      | Found a radiant altar of Vehumet.
 10286 | D:8      | Became a worshipper of Vehumet
 10347 | D:8      | Reached skill level 11 in Spellcasting
 10612 | D:8      | Identified the ring "Liorijyc" {rPois rF+ rN+ Slay+3}
 10858 | D:9      | Found Bigolar's General Store.
 10858 | D:9      | Noticed Harold
 10892 | D:8      | Slain by Harold

Illustrated notes

Levels and vault maps discovered:
D:1:      dpeg_arrival_line_fractal, layout_loops_ring
D:2:      layout_basic, hellmonk_ecumenical_altar_pennies_from_heaven
D:3:      layout_loops_corners, wad_floor_pattern_2, uniq_sigmund
D:4:      layout_cave_pools, minivault_24, minmay_misc_feat_four_crosses
D:5:      layout_basic, minmay_temple_entry_ruins,
          chequers_serial_rivers_micro_d, uniq_edmund
D:6:      layout_rooms, grunt_temple_overflow_open, dk_noncrumbling_2,
          nicolae_specific_store, minivault_11, minmay_misc_feat_x,
          chequers_serial_rivers_small_b, uniq_crazy_yiuf_cottage
D:7:      layout_basic
D:8:      layout_basic, nicolae_vehumet_radiance
D:9:      layout_basic, evilmike_ruin_ashenzari,
          mainiacjoe_overflow_concentric_impassable, nicolae_stop_n_shop_1,
          wad_scary_box, uniq_harold
Temple:   nicolae_temple_elliptical

Skill      XL: |  1  2  3  4  5  6  7  8  9 |
---------------+----------------------------+-----
Spellcasting   | 5 6 7 8 10 11 | 11.0
Fighting       | 1 2 |  2.1
Armour         | 1 2 3 |  3.0
Conjurations   | 2 3 4 5 6 |  6.0
Fire Magic     | 1 2 4 |  4.5
Dodging        | 3 4 |  4.0
Air Magic      | 1 |  1.3
Poison Magic   | 1 |  1.2
Stealth        | 3 |  3.0
Ice Magic      | 1 |  1.0
Evocations     | 1 |  1.2
Transmutations | 1 |  1.1
Summonings     | |  1.1
Translocations | |  1.1

Action                   |  1- 3 |  4- 6 |  7- 9 || total
-------------------------+-------+-------+-------++-------
Melee: Dagger            |    15 |     1 |       ||    16
       Spear             |       |     6 |   102 ||   108
       Whip              |       |       |    31 ||    31
       Quarterstaff      |       |       |     2 ||     2
       Hand axe          |       |       |     3 ||     3
 Fire: Hand crossbow     |       |       |    31 ||    31
 Cast: Magic Dart        |   120 |   131 |   140 ||   391
       Mephitic Cloud    |       |     5 |    25 ||    30
       Conjure Flame     |       |     4 |    34 ||    38
       Blink             |       |     1 |    14 ||    15
       Call Imp          |       |     1 |     6 ||     7
       Wereblood         |       |       |     2 ||     2
Evoke: Wand              |       |       |    11 ||    11
 Stab: Confused          |       |       |     7 ||     7
Armor: Leather armour    |    16 |    19 |    19 ||    54
Dodge: Dodged            |    27 |    37 |    48 ||   112

Table legend: (Time is in decaauts)
 A = Elapsed time spent in this place.
 B = Non-inter-level travel time spent in this place.
 C = Inter-level travel time spent in this place.
 D = Time resting spent in this place.
 E = Time spent auto-exploring this place.
 F = Levels seen in this place.
 G = Mean time per level.
                   A        B        C        D        E       F      G
               +--------+--------+--------+--------+--------+-----+--------+
         Total |  10906 |  10583 |    323 |    240 |   8916 |  10 | 1090.6 |
       Dungeon |  10758 |  10461 |    297 |    240 |   8796 |   9 | 1195.3 |
        Temple |    147 |    121 |     26 |      0 |    120 |   1 |  147.0 |
               +--------+--------+--------+--------+--------+-----+--------+

Top non-repeatable levels by time:
     D:7: 1677 daAuts
     D:6: 1506 daAuts
     D:2: 1439 daAuts
     D:1: 1386 daAuts
     D:3: 1330 daAuts
     D:4: 1326 daAuts
     D:8: 1222 daAuts
     D:5: 868 daAuts
  Temple: 147 daAuts
     D:9: 1 daAuts
